[Event "*** Titled Tuesday Blitz"]
[Site "Chess.com"]
[Date "2021.03.02"]
[Round "4"]
[White "chigorin28"]
[Black "Firouzja2003"]
[Result "0-1"]
[WhiteElo "2490"]
[BlackElo "3134"]
[TimeControl "180+1"]
[EndTime "10:39:51 PST"]
[Termination "Firouzja2003 won by checkmate"]

1. e4 d5 2. exd5 Qxd5 3. Nc3 Qa5 4. Nf3 Nf6 5. Be2 Nc6 6. a3 Bg4 7. d3 e6 8. O-O Bd6 9. h3 Qh5 10. Ne4 Bxf3 11. Bxf3 Qg6 12. Nxd6+ cxd6 13. Bxc6+ bxc6 14. Qf3 Rc8 15. Be3 Rc7 16. Rfe1 O-O 17. Bf4 e5 18. Bd2 Nd5 19. Qe4 f5 20. Qc4 Kh8 21. f4 Re8 22. Re2 Nb6 23. Qc3 e4 24. dxe4 fxe4 25. Rae1 d5 26.
b4 Nc4 27. Be3 Rf7 28. Rf2 h5 29. a4 a6 30. Bc5 Rf5 31. b5 axb5 32. axb5 cxb5 33. Qb3 Qc6 34. Bd4 Re6 35. Qg3 Rg6 36. Qh4 Kg8 37. c3 Qd6 38. Ra1 e3 39. Rf3 e2 40.
Re1 Nd2 41. Re3 Ne4 42. Rf3 b4 43. Rxe2 bxc3 44. Kh2 Qc6 45. Rc2 Kh7 46. Qe1 Qa4 47. Rc1 Qxd4 48. Rd1 Qf6 49. Rdd3 c2 50. Qc1 Qc6 51.
Rb3 d4 52. Rb2 d3 53. Rxd3 Nf2 54. Rf3 Nd3 55. Qxc2 Ne1 56. Qxf5 Nxf3+ 57. gxf3 Qxf3 58. Qc2 Qg3+ 59. Kh1 Qg1# 0-1

[Event "*** Titled Tuesday Blitz"]
[Site "Chess.com"]
[Date "2021.03.02"]
[Round "4"]
[White "Das_Virus_2020"]
[Black "losersgame"]
[Result "0-1"]
[WhiteElo "2459"]
[BlackElo "2329"]
[TimeControl "180+1"]
[EndTime "10:39:51 PST"]
[Termination "losersgame won by resignation"]

1. e4 e5 2. Nc3 Nf6 3. g3 Bb4 4. Bg2 Bxc3 5. dxc3 d6 6. Ne2 O-O 7. O-O b6 8. c4 Bb7 9. Nc3 Nbd7 10. b3 h6 11. h3 Nc5 12. Qe2 Qd7 13. Kh2 Rae8 14.
a4 Nh7 15. a5 f5 16. axb6 axb6 17. Ra7 Bc6 18. b4 Ne6 19. Nd5 f4 20. g4 f3 21. Qd1 fxg2 22. Kxg2 Bxd5 23. Qxd5 Nf6 24. Qd3 Qc6 25. f3 Ra8 26. Rxa8 Rxa8 27. Be3 Nf4+ 28. Bxf4 exf4 29. Rf2 Nd7 30. Qb3 Kh8 31. Rd2 Ne5 32. Rd4 Ra1 33. c5 bxc5 34. bxc5 Qxc5 35. c3 Qa7 36. h4 Qa2+ 37. Qxa2 Rxa2+ 38. Kf1 Nxf3 39. Rb4 Ne5 40. g5 hxg5 41. hxg5 Kh7 42. Rb7 c5 43. Rb6 Ra3 44. Rxd6 Rxc3 45. Rd5 Ng4 46. e5 Ne3+ 47. Ke2 Nxd5 48. Kd2 Re3 49. e6 Rxe6 0-1

[Event "*** Titled Tuesday Blitz"]
[Site "Chess.com"]
[Date "2021.03.02"]
[Round "4"]
[White "karinachess1"]
[Black "Lovkov_Roman"]
[Result "0-1"]
[WhiteElo "2510"]
[BlackElo "2712"]
[TimeControl "180+1"]
[EndTime "10:39:52 PST"]
[Termination "Lovkov_Roman won on time"]

1. d4 d5 2. Nf3 e6 3. e3 c5 4. b3 Nf6 5. Bd3 Nc6 6. a3 Bd6 7. Bb2 O-O 8. O-O b6 9. Nbd2 Bb7 10. Qe2 Ne7 11. Rad1 Ng6 12. Rfe1 Qe7 13. a4 Rac8 14. c4 cxd4 15. Nxd4 Bb4 16. Nc2 Bd6 17. Nd4 Rfd8 18. h3 Ne5 19. Bb1 dxc4 20. Nxc4 Nxc4 21. bxc4 Bb4 22.
Rf1 Be4 23. Nf3 Bxb1 24. Rxb1 Ne4 25. Bd4 f6 26. Rfc1 e5 27. Ba1 Qc5 28. Qc2 Nd2 29.
Nxd2 Rxd2 30. Qb3 Ba5 31. Bb2 Kh8 32. Ba3 Qc6 33. c5 Qd7 34. cxb6 axb6 35. Rxc8+ Qxc8 36. Qf7 Rd7 37. Qh5 Rc7 0-1

[Event "*** Titled Tuesday Blitz"]
[Site "Chess.com"]
[Date "2021.03.02"]
[Round "4"]
[White "Love_craft"]
[Black "Karla"]
[Result "0-1"]
[WhiteElo "2553"]
[BlackElo "2308"]
[TimeControl "180+1"]
[EndTime "10:39:52 PST"]
[Termination "Karla won by checkmate"]

1. Nf3 d5 2. g3 Nf6 3. Bg2 c6 4. O-O Bg4 5. d3 Nbd7 6. h3 Bh5 7. Nbd2 e5 8. e4 dxe4 9. dxe4 Bc5 10. Qe2 O-O 11.
b3 a5 12. a4 Qc7 13. Bb2 Rfe8 14. Nc4 b5 15. axb5 cxb5 16. Na3 Bxa3 17. Rxa3 b4 18. Ra2 Rac8 19. Ba1 Nc5 20. Qc4 Nfxe4 21. Nxe5 Nd2 22. Qh4 Rxe5 23. Bxe5 Qxe5 24. Rfa1 Bf3 25. Qf4 Qd5 26. Rd1 Bxg2 27. Rxd2 Qc6 28. Rxa5 Bxh3 29. f3 Qb6 30. Ra1 Nd3+ 31. Kh2 Nxf4 32. gxf4 Qe3 33. Rad1 h5 34. Kxh3 Qxf3+ 35. Kh2 Qxf4+ 36. Kh3 Qg4+ 37. Kh2 Rf8 38. Rg2 Qxd1 39. Kh3 Qg4+ 40. Kh2 Qxg2+ 41. Kxg2 Rc8 42.
Kg3 Rxc2 43. Kf4 Rc3 44. Kg5 Rxb3 45. Kh4 Rc3 46. Kg5 b3 47. Kf4 b2 48. Ke4 b1=Q+ 49.
Kf4 Ra3 50. Kg5 Qb5+ 51. Kh4 Ra4+ 52. Kh3 Qb3+ 53. Kh2 Ra2+ 54. Kg1 Qb1# 0-1

[Event "*** Titled Tuesday Blitz"]
[Site "Chess.com"]
[Date "2021.03.02"]
[Round "4"]
[White "Ghost_Pepper"]
[Black "Mazanchenko_Dmitry"]
[Result "1/2-1/2"]
[WhiteElo "2381"]
[BlackElo "2100"]
[TimeControl "180+1"]
[EndTime "10:39:53 PST"]
[Termination "Game drawn - insufficient material"]

1. e4 c5 2. Nf3 d6 3. d4 Nf6 4. Nc3 cxd4 5. Nxd4 Nc6 6. g3 Bg4 7. f3 Nxd4 8. fxg4 Nc6 9. g5 Nd7 10. Be3 e6 11. Qe2 Be7 12. h4 a6 13. O-O-O b5 14. Kb1 Nce5 15. h5 Nc4 16. Bc1 Bxg5 17. Bxg5 Qxg5 18. e5 Qxe5 19. Qg4 Ndb6 20. Bxc4 Nxc4 21. Rhe1 Qc5 22. Ne4 Qf5 23. Qxf5 exf5 24. Nxd6+ Kf8 25. Nxf5 g6 26. Ne3 Nxe3 27. Rxe3 Kg7 28. Re7 Rhf8 29. a4 bxa4 30. Rdd7 Rae8 31. Rxe8 Rxe8 32. hxg6 hxg6 33. Rd6 a3 34. Rxa6 axb2 35. Kxb2 Re3 36. Ra3 Rxa3 37. Kxa3 Kf6 38. Kb4 Ke7 39. g4 f5 40.
gxf5 gxf5 41. Kc5 Kd7 42. Kd5 Kc7 43. Ke5 Kc6 44. Kxf5 Kc5 45. Ke4 Kc4 46. Ke3 Kc3 47.
Ke2 Kxc2 1/2-1/2

[Event "*** Titled Tuesday Blitz"]
[Site "Chess.com"]
[Date "2021.03.02"]
[Round "4"]
[White "RamyresCoelho"]
[Black "anpospan"]
[Result "0-1"]
[WhiteElo "2057"]
[BlackElo "2379"]
[TimeControl "180+1"]
[EndTime "10:39:53 PST"]
[Termination "anpospan won by checkmate"]

1. e4 Nc6 2. Nf3 d6 3. d4 Nf6 4. Nc3 Bg4 5. Be3 e6 6. h3 Bh5 7.
g4 Bg6 8. Bd3 d5 9. e5 Ne4 10.
Bxe4 dxe4 11. Ng5 Bb4 12. a3 Bxc3+ 13. bxc3 h6 14. Nxe4 Bxe4 15. f3 Bg6 16. O-O Qh4 17. Kg2 O-O 18. Bf2 Qe7 19. f4 Be4+ 20. Kh2 Na5 21.
Qe1 Bxc2 22. Qe2 Bb3 23. Rg1 Bc4 24. Qe3 c5 25. g5 h5 26. g6 fxg6 27. Rxg6 Qf7 28.
Rag1 Qxf4+ 29. Qxf4 Rxf4 30. Rxg7+ Kh8 31. Be3 Re4 32. R7g6 Rg4 33. Rh6+ Kg7 34. hxg4 h4 35. dxc5 Rd8 36. Rxh4 Rd3 37. Bd4 Bd5 38. Rg3 Rd2+ 39. Kg1 Nc4 40. Rh5 Nxa3 41. Rg5+ Kf7 42. Rh5 Kg6 43. Rh8 Nc2 44. Rg8+ Kf7 45. Ra8 Ne1 46.
Kf1 Nf3 47. Rxa7 Bc4# 0-1

[Event "*** Titled Tuesday Blitz"]
[Site "Chess.com"]
[Date "2021.03.02"]
[Round "4"]
[White "dopolian"]
[Black "night_player"]
[Result "1-0"]
[WhiteElo "2394"]
[BlackElo "2180"]
[TimeControl "180+1"]
[EndTime "10:39:53 PST"]
[Termination "dopolian won by resignation"]

1. b3 d5 2. Bb2 c5 3. e3 Nc6 4.
Bb5 Nf6 5. Nf3 Bg4 6. h3 Bh5 7. g4 Bg6 8. d3 e6 9. Nbd2 a6 10. Bxc6+ bxc6 11. Ne5 Qc7 12. f4 Bd6 13. Ndf3 Kf8 14.
Qe2 a5 15. a4 Rb8 16. Bc3 h5 17. g5 Nd7 18. Nxd7+ Qxd7 19. Be5 c4 20. Bxd6+ Qxd6 21. bxc4 dxc4 22. Ne5 cxd3 23. Nxg6+ fxg6 24. cxd3 Kf7 25.
O-O Rhd8 26. Rfd1 Rb3 27. d4 Rdb8 28. Kf2 Qb4 29. Rdc1 Rb6 30. Rc4 Rb2 31. Rxb4 Rxe2+ 32. Kxe2 Rxb4 33. Rc1 Rxa4 34. Rxc6 Ra2+ 35. Kf3 a4 36. Rc7+ Kf8 37. Ra7 a3 38. h4 Ra1 39. Ke4 a2 40. Ke5 Re1 41. Rxa2 Rxe3+ 42. Kd6 Re4 43. Ra8+ Kf7 44.
Ra7+ Kg8 45. Ra4 Rxf4 46. Kxe6 Rxh4 47. Ra8+ Kh7 48. d5 Rd4 49. d6 h4 50. d7 h3 51.
d8=Q Rxd8 52. Rxd8 h2 53. Rd1 1-0

[Event "*** Titled Tuesday Blitz"]
[Site "Chess.com"]
[Date "2021.03.02"]
[Round "4"]
[White "Genghis_K"]
[Black "elextranjero00"]
[Result "1-0"]
[WhiteElo "2924"]
[BlackElo "2648"]
[TimeControl "180+1"]
[EndTime "10:39:54 PST"]
[Termination "Genghis_K won on time"]

1. e4 c6 2. d4 d5 3. exd5 cxd5 4. Bd3 Nc6 5. c3 g6 6. Nf3 Nh6 7. O-O Nf5 8. Bf4 Bg7 9. Re1 O-O 10. Nbd2 Nd6 11. Ne5 f6 12. Nxc6 bxc6 13. Nb3 Re8 14. Nc5 e5 15. Bg3 Bf5 16. Bf1 Ne4 17. Nxe4 Bxe4 18.
Qa4 Qb6 19. b3 Bf5 20. Rad1 Rad8 21. h3 Bc2 22. Rd2 Bf5 23. Kh2 h5 24. c4 Bh6 25.
Rdd1 Bc2 26. c5 Qc7 27. Ra1 h4 28. Bxh4 e4+ 29. Bg3 Bf4 30. Rac1 Bd3 31. Re3 Bxg3+ 32. Rxg3 Bxf1 33. Rxf1 e3 34. Qb4 Kf7 35. Qc3 Qf4 36.
Kg1 e2 37. Re1 Re4 38. Rf3 Qg5 39. Re3 Rde8 40. R1xe2 f5 41. Rxe4 fxe4 42. Qe3 Qf6 43. f3 Kg7 44. Rf2 Qd8 45. f4 Rf8 46. g4 Qe7 47.
Kg2 1-0

[Event "*** Titled Tuesday Blitz"]
[Site "Chess.com"]
[Date "2021.03.02"]
[Round "4"]
[White "zim0ne"]
[Black "andrzej"]
[Result "0-1"]
[WhiteElo "2510"]
[BlackElo "2350"]
[TimeControl "180+1"]
[EndTime "10:39:54 PST"]
[Termination "andrzej won by resignation"]

1. Nf3 c5 2. c4 g6 3. g3 Bg7 4. Bg2 Nc6 5. Nc3 d6 6. O-O e5 7. a3 a5 8. Ne1 Nge7 9. Nc2 f5 10. Ne3 f4 11. Ned5 O-O 12. e3 g5 13. d3 Nxd5 14. cxd5 Ne7 15. Qh5 Ng6 16. Ne4 Bf6 17. Bd2 Bd7 18. b4 axb4 19. axb4 Rxa1 20. Rxa1 Be8 21. bxc5 Nh4 22. Qd1 Nxg2 23. Kxg2 dxc5 24. Qb3 Bf7 25. Qxb7 Bxd5 26. Qb5 Bxe4+ 27. dxe4 Qxd2 28. exf4 exf4 29. Ra7 f3+ 30. Kh3 Qxf2 31. Qd7 Qg2+ 32. Kg4 h5+ 33. Kxh5 Qxh2+ 34. Kg6 f2 35. Qb5 Bd4 36. Qc4+ Kh8 37. Rf7 Rg8+ 38. Kf5 Qh3+ 39. g4 f1=Q+ 40. Qxf1 Qxf1+ 41. Ke6 Qc4+ 42. Ke7 Qxf7+ 43. Kxf7 Rc8 0-1

[Event "*** Titled Tuesday Blitz"]
[Site "Chess.com"]
[Date "2021.03.02"]
[Round "4"]
[White "Supernotar"]
[Black "exoticprincess"]
[Result "0-1"]
[WhiteElo "2682"]
[BlackElo "2994"]
[TimeControl "180+1"]
[EndTime "10:39:55 PST"]
[Termination "exoticprincess won by checkmate"]

1. d4 Nf6 2. c4 c5 3. Nf3 e6 4. g3 b6 5. Bg2 Bb7 6. O-O cxd4 7.
Nxd4 Bxg2 8. Kxg2 Qc8 9. b3 Qb7+ 10. Kg1 a6 11. a4 Be7 12. Bb2 O-O 13. Nd2 Nc6 14.
Rc1 Rfc8 15. N2f3 h6 16. e3 Nxd4 17. Nxd4 d5 18. cxd5 Nxd5 19. Qf3 Bf6 20. Kg2 b5 21. axb5 axb5 22. Rfd1 b4 23. Rc4 Ra2 24. Rd2 Rca8 25.
Rdc2 Qd7 26. h4 e5 27. Nf5 Rxb2 28. Rxb2 e4 29. Qxe4 Bxb2 30. Rc5 Nb6 31. Qg4 Qb7+ 32. e4 Re8 33. Nxh6+ Kf8 34. Nxf7 Kxf7 35. Rf5+ Kg8 36. f3 Qd7 37. h5 Rf8 38. Qg6 Rxf5 39. exf5 Nd5 40.
h6 Ne3+ 41. Kf2 Qd2+ 42. Kg1 Qg2# 0-1

[Event "*** Titled Tuesday Blitz"]
[Site "Chess.com"]
[Date "2021.03.02"]
[Round "4"]
[White "WPWPWP-2015"]
[Black "dosto07"]
[Result "0-1"]
[WhiteElo "2471"]
[BlackElo "2335"]
[TimeControl "180+1"]
[EndTime "10:39:56 PST"]
[Termination "dosto07 won on time"]

1. d4 d5 2. c4 dxc4 3. e4 e5 4.
Nf3 exd4 5. Bxc4 Nc6 6. O-O Be6 7. Bxe6 fxe6 8. Qb3 Qd7 9. Qxb7 Rb8 10. Qa6 Nf6 11. Nbd2 Bd6 12. a3 O-O 13. Qc4 a5 14. h3 Kh8 15. Re1 Ne5 16. Nxe5 Bxe5 17. Nf3 Qd6 18. Bd2 Rxb2 19. Bxa5 c5 20. Rac1 Nd7 21. Rb1 Rxb1 22.
Rxb1 h6 23. Bd2 Bf4 24. Ba5 Ne5 25. Nxe5 Qxe5 26. Rb5 Bh2+ 27. Kf1 Bg3 28. Be1 Qxe4 29. Rxc5 Qb1 30. Qc2 Rxf2+ 31. Qxf2 Bxf2 32. Kxf2 Qa2+ 33. Kf1 Qxa3 34. Rc8+ Kh7 35. Rd8 Qd3+ 36. Kg1 e5 37. Kh2 e4 38. Bg3 e3 39. Be5 e2 40. Rd7 Qg6 41. Bg3 d3 0-1

[Event "*** Titled Tuesday Blitz"]
[Site "Chess.com"]
[Date "2021.03.02"]
[Round "4"]
[White "atwalcb"]
[Black "Funo09"]
[Result "1-0"]
[WhiteElo "2540"]
[BlackElo "2719"]
[TimeControl "180+1"]
[EndTime "10:39:58 PST"]
[Termination "atwalcb won on time"]

1. d4 Nf6 2. Bg5 e6 3. e4 d5 4. Nc3 Bb4 5. exd5 exd5 6. Bd3 c5 7. dxc5 d4 8. Qe2+ Be6 9. O-O-O Qa5 10. Bc4 O-O 11.
Bxe6 dxc3 12. Bxf6 gxf6 13. Bd5 Nc6 14. Qg4+ Kh8 15. Qf4 cxb2+ 16. Kb1 Bc3 17. Ne2 Be5 18. Qf5 Ne7 19. Qe4 Rad8 20. f4 Qxc5 21. fxe5 Nxd5 22. exf6 Rfe8 23. Qd4 Qxd4 24. Nxd4 Nc3+ 25. Kxb2 Nxd1+ 26.
Rxd1 Re4 27. c3 Re2+ 28. Kb3 Rxg2 29. Re1 Rxh2 30. Re7 Kg8 31. Rxb7 Rf2 32. Rxa7 Rxf6 33. Ra5 Kg7 34. Kc4 Rc8+ 35. Kb4 Re8 36. Rg5+ Rg6 37. Rf5 Rf6 38. Rg5+ Kf8 39. Rc5 1-0

[Event "*** Titled Tuesday Blitz"]
[Site "Chess.com"]
[Date "2021.03.02"]
[Round "4"]
[White "Alex-11211"]
[Black "dhaessel"]
[Result "1-0"]
[WhiteElo "2369"]
[BlackElo "1956"]
[TimeControl "180+1"]
[EndTime "10:39:58 PST"]
[Termination "Alex-11211 won on time"]

1. e4 e5 2. Bc4 Nf6 3. Nc3 Nc6 4. d3 Bc5 5. f4 d6 6. Nf3 a6 7. f5 Na5 8. Bg5 b5 9. Bb3 Nxb3 10. axb3 Bb7 11.
Qe2 h6 12. Bh4 g5 13. fxg6 fxg6 14. Bf2 Bxf2+ 15. Qxf2 O-O 16. O-O Qe7 17. Qg3 Kh7 18. Nh4 Qg7 19. Qe3 Nh5 20. g3 Nf6 21. Qe2 Qd7 22.
Rf3 d5 23. Raf1 Kg7 24. exd5 Ng4 25. Rxf8 Rxf8 26. Rxf8 Kxf8 27. Nxg6+ Kg7 28. Nxe5 Nxe5 29. Qxe5+ Kh7 30. Ne4 Kg6 31. Qf6+ Kh7 32. Qe6 Qd8 33. Nf6+ Kg7 34. Nh5+ Kh7 35. Nf4 Qf8 36. Qg6+ Kh8 37. c4 bxc4 38. bxc4 a5 39. Kg2 a4 40. h4 c6 41. dxc6 Bc8 42. Nd5 Bf5 43. Qf6+ 1-0

[Event "*** Titled Tuesday Blitz"]
[Site "Chess.com"]
[Date "2021.03.02"]
[Round "4"]
[White "Chernov_Alexander_A"]
[Black "Na_binci"]
[Result "0-1"]
[WhiteElo "2281"]
[BlackElo "2148"]
[TimeControl "180+1"]
[EndTime "10:39:58 PST"]
[Termination "Na_binci won on time"]

1. Nf3 Nf6 2. g3 g6 3. Bg2 Bg7 4. O-O O-O 5. d4 d6 6. Nbd2 c5 7. c3 Nc6 8. e3 e5 9. dxe5 dxe5 10. e4 h6 11. Nc4 Qe7 12. Re1 b5 13. Ne3 c4 14. Nd5 Qd6 15. a4 b4 16. Nxb4 Qxd1 17. Rxd1 Nxb4 18. cxb4 Rb8 19. b5 Nxe4 20. Nxe5 Nxf2 21. Kxf2 Bxe5 22. Bd5 Bg4 23. Rf1 Bh3 24.
Rd1 Bg4 25. Re1 Bd4+ 26. Kg2 c3 27. Ra2 Rbd8 28. h3 Bf5 29. Bc4 Bb1 30. Ra3 cxb2 31.
Bxb2 Bxb2 32. Rb3 Ba2 33. Rxb2 Bxc4 34. a5 Rd5 35. b6 Rxa5 36. b7 Rb8 37. Rc1 Rxb7 38.
Rxb7 Bd5+ 39. Kf2 Bxb7 40. Rc7 Rb5 0-1

[Event "*** Titled Tuesday Blitz"]
[Site "Chess.com"]
[Date "2021.03.02"]
[Round "4"]
[White "blitis"]
[Black "Susal_De_Silva"]
[Result "0-1"]
[WhiteElo "2481"]
[BlackElo "2662"]
[TimeControl "180+1"]
[EndTime "10:39:59 PST"]
[Termination "Susal_De_Silva won on time"]

1. e4 e5 2. Nc3 Nf6 3. g3 Nc6 4. Bg2 Bc5 5. Nge2 O-O 6. O-O d6 7. Na4 Bb6 8. Nxb6 axb6 9. d4 Qe7 10. Re1 Bg4 11. f3 Bh5 12. g4 Bg6 13. c4 exd4 14. Nxd4 Nxd4 15. Qxd4 h6 16. Bf4 Nd7 17. Qd2 Ra7 18. Rad1 Rxa2 19. Bg3 Qf6 20. Rb1 Re8 21. f4 Nc5 22. f5 Bh7 23. e5 dxe5 24. Rxe5 Rd8 25. Rbe1 Raa8 26. Qe3 Kh8 27. Rd5 Rxd5 28. cxd5 Qxb2 29. Be5 Qb4 30. h3 f6 31. Bxc7 Bg8 32.
d6 Ra3 33. Qe2 Qd4+ 34. Kh1 Ra2 35. Qe3 Qb2 36. Rg1 Qd2 37. Qxd2 Rxd2 38. Re1 Kh7 39. Re8 b5 40. Kg1 b4 41. Rb8 b3 42. d7 Rxd7 43.
Bf4 b2 0-1

[Event "*** Titled Tuesday Blitz"]
[Site "Chess.com"]
[Date "2021.03.02"]
[Round "4"]
[White "Margency"]
[Black "ehrenfeld"]
[Result "1-0"]
[WhiteElo "2691"]
[BlackElo "2505"]
[TimeControl "180+1"]
[EndTime "10:40:00 PST"]
[Termination "Margency won by resignation"]

1. e4 e5 2. Nf3 Nc6 3. Bc4 Nf6 4. d3 Bc5 5. O-O d6 6. c3 a6 7. a4 Ba7 8. Na3 h6 9. Nc2 O-O 10. Be3 Be6 11. Bxa7 Rxa7 12. Re1 Ra8 13. b4 Qd7 14.
Ne3 Bxc4 15. Nxc4 b5 16. Ne3 Ne7 17. d4 Nxe4 18. Qd3 Ng5 19. Nxg5 hxg5 20. dxe5 d5 21. Nc2 Qf5 22. Qxf5 Nxf5 23. Nd4 Nxd4 24. cxd4 bxa4 25. Rxa4 Rfb8 26. Rc1 Rb5 27. h3 Ra7 28. Rc5 Rxc5 29. dxc5 Rb7 30. Kf1 Kf8 31. Ke2 Ke7 32. Kd3 Kd7 33.
Kd4 c6 34. Kc3 Rb8 35. Rxa6 Rb7 36. g3 Rb8 37. Ra7+ Ke6 38. Rc7 Kxe5 39. Rxc6 Ra8 40. b5 Ra3+ 41. Kb2 Ra4 42. b6 Kd4 43. Kb3 Ra1 44. Rc7 Rb1+ 45. Kc2 Rb5 46. b7 Kc4 47. c6 d4 48. Rd7 1-0

[Event "*** Titled Tuesday Blitz"]
[Site "Chess.com"]
[Date "2021.03.02"]
[Round "4"]
[White "FMalexhdez"]
[Black "korkmaz16"]
[Result "0-1"]
[WhiteElo "2156"]
[BlackElo "2399"]
[TimeControl "180+1"]
[EndTime "10:40:00 PST"]
[Termination "korkmaz16 won on time"]

1. e4 c5 2. Nf3 e6 3. d4 cxd4 4. Nxd4 Nf6 5. Nc3 Nc6 6. Be2 Bb4 7. O-O d6 8. Nxc6 bxc6 9. Bg5 O-O 10. Bd3 h6 11. Bh4 g5 12. Bg3 e5 13. Ne2 Nh5 14.
Kh1 Bc5 15. c3 Qf6 16. f3 Nf4 17. Bf2 Bxf2 18. Rxf2 Ng6 19. Ng3 Nf4 20. Nf5 Bxf5 21. exf5 Nxd3 22. Qxd3 d5 23. Re1 Rab8 24. g4 Rb6 25. b3 Re8 26. Rfe2 Rbb8 27. Qe3 a5 28. Qa7 Ra8 29. Qc7 e4 30. fxe4 Qxc3 31. Qg3 Qxg3 32.
hxg3 d4 33. Rc2 Rad8 34. Kg2 d3 35. Rxc6 d2 36. Rd1 Rxe4 37. Rc2 Re2+ 38. Kf3 Rde8 39. Rc3 Rh2 40. Rd3 Ree2 41. Rd8+ Kg7 42. f6+ Kxf6 0-1

[Event "*** Titled Tuesday Blitz"]
[Site "Chess.com"]
[Date "2021.03.02"]
[Round "4"]
[White "frankshar"]
[Black "CSB7"]
[Result "0-1"]
[WhiteElo "2335"]
[BlackElo "2574"]
[TimeControl "180+1"]
[EndTime "10:40:01 PST"]
[Termination "CSB7 won by resignation"]

1. d4 Nf6 2. c4 g6 3. Nc3 d5 4. Nf3 Bg7 5. Bf4 O-O 6. Rc1 Be6 7. e3 dxc4 8. Ng5 Bd5 9. e4 h6 10. exd5 hxg5 11. Bxg5 Nxd5 12. Bxc4 Nb6 13. Bb3 a5 14. a4 Nc6 15. Ne2 Qd7 16. h4 Nxd4 17. Nxd4 Bxd4 18. h5 Qf5 19. Qxd4 Qxg5 20. f4 Qg3+ 21. Kf1 Rad8 22. Qc3 Qxf4+ 23. Kg1 Rd3 24. Qxd3 Qxc1+ 25. Kf2 Qf4+ 26. Kg1 Qc1+ 27. Kh2 Qf4+ 28. Kg1 Kg7 29. h6+ Kh7 30. Rh3 Qc1+ 31. Kh2 Qxb2 32. Rf3 Qe5+ 33.
Kg1 e6 34. Bc2 Kxh6 35. Rxf7 Qc5+ 36. Kh2 Qh5+ 37. Kg1 Rxf7 38. Qe3+ Kg7 39. Qxe6 Qg5 40. Bb3 Qf6 41. Qxf7+ Qxf7 0-1

[Event "*** Titled Tuesday Blitz"]
[Site "Chess.com"]
[Date "2021.03.02"]
[Round "4"]
[White "nocnypako"]
[Black "TimKett"]
[Result "1-0"]
[WhiteElo "2557"]
[BlackElo "2195"]
[TimeControl "180+1"]
[EndTime "10:40:01 PST"]
[Termination "nocnypako won on time"]

1. d4 d5 2. c4 e6 3. Nc3 Nf6 4. cxd5 exd5 5. Bg5 c6 6. e3 Be7 7. Bd3 Nbd7 8. Nf3 O-O 9. O-O Re8 10. Qc2 Nf8 11. Ne5 Nh5 12. Bxe7 Qxe7 13. Rab1 a5 14.
Ne2 f6 15. Nf3 g6 16. Ng3 Nxg3 17. hxg3 Bg4 18. Rfe1 Bxf3 19. gxf3 Qg7 20. e4 Ne6 21. Qc3 Ng5 22. Bc2 Qh6 23. e5 f5 24. f4 Ne4 25.
Bxe4 fxe4 26. Kg2 Qf8 27. f3 exf3+ 28. Qxf3 Qf5 29. Re2 Rf8 30. Rf1 g5 31. Qh5 Rae8 32.
Qxg5+ Qxg5 33. fxg5 Rxf1 34. Kxf1 Kg7 35. Rf2 Re7 36. Ke2 Kg6 37. Kd3 Kxg5 38. Rf4 h5 39. Kc3 Rh7 40. Kb3 h4 41. Rxh4 Rf7 42. Rf4 Rh7 43. Ka4 Rh2 44. Kxa5 1-0

[Event "*** Titled Tuesday Blitz"]
[Site "Chess.com"]
[Date "2021.03.02"]
[Round "4"]
[White "UCantHandleDenker"]
[Black "felipelobo"]
[Result "1-0"]
[WhiteElo "2556"]
[BlackElo "2175"]
[TimeControl "180+1"]
[EndTime "10:40:01 PST"]
[Termination "UCantHandleDenker won on time"]

1. Nf3 Nf6 2. d3 d5 3. g3 Bf5 4. Bg2 e6 5. O-O Be7 6. Nbd2 h6 7. Qe1 O-O 8. e4 Bg6 9. Ne5 Bh7 10. f4 Nbd7 11.
Nxd7 Qxd7 12. Kh1 Rfe8 13. e5 Nh5 14. g4 Nxf4 15. Rxf4 Bg5 16. Rf1 Qa4 17. Qd1 c5 18. h3 Rac8 19. Nf3 Be7 20. g5 h5 21. b3 Qb4 22.
Bd2 Qb6 23. Nh4 Bg6 24. Nxg6 fxg6 25. c4 d4 26. Qe2 Rf8 27. Be4 Rf5 28. Bxf5 exf5 29.
e6 Bd6 30. Rae1 Re8 31. Qf3 Bb8 32. Bf4 Bxf4 33. Qxf4 Qc6+ 34. Qf3 Qc7 35. Kg2 h4 36. Re2 Re7 37. Rfe1 a6 38. a4 a5 39. Re5 Qb6 40. R1e2 Qxb3 41. Rd5 Qd1 42. Rd8+ Kh7 43. Rd7 Re8 44. e7 1-0

[Event "*** Titled Tuesday Blitz"]
[Site "Chess.com"]
[Date "2021.03.02"]
[Round "4"]
[White "kobemagic"]
[Black "frazier69"]
[Result "1-0"]
[WhiteElo "2414"]
[BlackElo "2560"]
[TimeControl "180+1"]
[EndTime "10:40:02 PST"]
[Termination "kobemagic won on time"]

1. c4 e6 2. g3 d5 3. Bg2 Nf6 4. Nf3 Be7 5. O-O O-O 6. b3 a5 7.
d4 a4 8. Bb2 c6 9. Ne5 Nbd7 10.
Nd2 Nxe5 11. dxe5 Nd7 12. cxd5 cxd5 13. e4 Qa5 14. exd5 exd5 15. e6 fxe6 16. Re1 Bf6 17. Bxf6 Nxf6 18. Nf3 Bd7 19. Ne5 Be8 20. Nd3 axb3 21.
axb3 Qxa1 22. Qxa1 Rxa1 23. Rxa1 Bd7 24. Ra7 Rb8 25.
Nc5 Bc8 26. Bh3 e5 27. Bxc8 Rxc8 28. Nxb7 d4 29. Nd6 Rd8 30. Nc4 d3 31. Ra2 e4 32.
Kf1 Rb8 33. Rb2 Nd7 34. b4 Nf6 35. b5 Nd5 36. b6 Rb7 37. Ke1 Kf8 38. Nd6 Rxb6 39.
Rxb6 Nxb6 40. Nxe4 Nc4 41. Nc5 d2+ 42. Ke2 Kf7 43.
Ne4 h6 44. Nxd2 Nd6 45. Kd3 Ke6 46. f3 g5 47. Ne4 Nf5 48. Nf2 Kf7 49. Ke4 Kg6 50. Ke5 Ne3 51. Ne4 Nf1 52. h3 h5 53.
f4 gxf4 54. gxf4 Ne3 55. Nd6 h4 56. f5+ Kg7 57. f6+ Kf8 58. Ke6 Nd1 59. Ne4 Ne3 60.
Ng5 1-0

[Event "*** Titled Tuesday Blitz"]
[Site "Chess.com"]
[Date "2021.03.02"]
[Round "4"]
[White "ljuks68"]
[Black "pavelalexandru07"]
[Result "0-1"]
[WhiteElo "2436"]
[BlackElo "2299"]
[TimeControl "180+1"]
[EndTime "10:40:02 PST"]
[Termination "pavelalexandru07 won on time"]

1. e4 c5 2. Nf3 d6 3. d4 cxd4 4. Nxd4 Nf6 5. Nc3 a6 6. Bg5 Nbd7 7. Qe2 h6 8. Bh4 e6 9. O-O-O b5 10. f4 g5 11. fxg5 hxg5 12. Bxg5 Bb7 13. a3 Rc8 14. h4 Rxc3 15. bxc3 Qa5 16. Nb3 Qxa3+ 17. Kb1 Nxe4 18.
Rd3 Ndc5 19. Bc1 Qa4 20. Nxc5 Nxc5 21. Rd4 Qa5 22. Bb2 Na4 23. Rh3 Bg7 24. Qg4 Bxd4 25.
Qxd4 Rg8 26. Qxd6 Bd5 27. Qb8+ Qd8 28. Qxd8+ Kxd8 29. g3 Nxb2 30. Kxb2 Ke7 31. Be2 f5 32. Ka3 Bg2 33. Rh2 Rxg3 34. Kb4 Be4 35. h5 Kf7 36. h6 Kg8 37. Kc5 f4 38. Kd4 Bxc2 39. Ke5 f3 40. Bf1 Bf5 41. Kf6 Rg6+ 42. Ke5 Rg1 0-1

[Event "*** Titled Tuesday Blitz"]
[Site "Chess.com"]
[Date "2021.03.02"]
[Round "4"]
[White "Tekushka"]
[Black "Chamal_Gedgafov"]
[Result "1-0"]
[WhiteElo "2447"]
[BlackElo "2279"]
[TimeControl "180+1"]
[EndTime "10:40:02 PST"]
[Termination "Tekushka won by checkmate"]

1. e4 e6 2. d4 d5 3. Nc3 Bb4 4. e5 c5 5. a3 Bxc3+ 6. bxc3 Ne7 7. Qg4 Qc7 8. Bd3 c4 9. Bf1 Nf5 10. a4 Bd7 11. Ne2 Nc6 12. Qf4 h5 13. Ng3 Nce7 14.
Be2 h4 15. Nf1 Qa5 16. Bd2 b5 17. g4 hxg3 18. fxg3 bxa4 19. g4 Nh4 20. Qg3 a3 21. Bg5 Neg6 22. Kd2 a2 23. Ne3 Rb8 24. Rhf1 Rb2 25.
Qf2 Rf8 26. Bxh4 Qa4 27. Bg5 Rb3 28. cxb3 cxb3 29. Nd1 Qa3 30. Ke3 b2 31. Nxb2 Qxb2 32. Qe1 Rh8 33. h4 Qc2 34. Bd3 Qh2 35. Qf2 Qh3+ 36.
Qf3 Qxf3+ 37. Rxf3 Nxh4 38. Bxh4 Rxh4 39. Rxa2 f6 40. exf6 gxf6 41. Rxf6 Rh3+ 42. Rf3 Rh4 43. Rxa7 Rxg4 44. Rh3 Rg8 45. Rh7 Bc6 46. Rhe7+ Kd8 47.
Rec7 Be8 48. Rg7 Rh8 49. Ra8# 1-0